 Dungeon Crawl Stone Soup version 0.30-a0-21-g5d08c37080 (webtiles) character file.

Game seed: 10348129720581241802

99 Araneus the Insei (level 4, 0/35 HPs)
             Began as a Demonspawn Monk on Aug 24, 2022.
             Slain by Crazy Yiuf
             ... wielding a +3 quarterstaff of chaos
              (17 damage)
             ... on level 2 of the Dungeon.
             The game lasted 00:03:21 (2394 turns).

Araneus the Insei (Demonspawn Monk)                 Turns: 2394, Time: 00:03:22

Health: 0/35       AC:  2    Str: 13    XL:     4   Next: 45%
Magic:  4/4        EV: 13    Int: 12    God:
Gold:   152        SH:  0    Dex: 15    Spells: 3/3 levels left

rFire   . . .      SeeInvis .      - Unarmed
rCold   . . .      Faith    .    (no shield)
rNeg    . . .      Spirit   .    a - +0 robe
rPois   .          Reflect  .    (helmet restricted)
rElec   .          Harm     .    (no cloak)
rCorr   .          Rampage  .    (no gloves)
Will    .....                    (no boots)
Stlth   ++........               (no amulet)
HPRegen 0.11/turn                (no ring)
MPRegen 0.09/turn                (no ring)

@: no status effects
A: hooves 1, horns 2
a: no special abilities


You were on level 2 of the Dungeon.
You visited 1 branch of the dungeon, and saw 2 of its levels.

You collected 152 gold pieces.

Inventory:

Armour
 a - a +0 robe (worn)
Jewellery
 o - an amulet of the acrobat
Wands
 c - a wand of polymorph (5)
Scrolls
 d - a scroll of blinking {unknown}
 e - 2 scrolls of fear {unknown}
 g - a scroll of fog
 k - a scroll of amnesia {unknown}
 m - 2 scrolls of immolation {unknown}
Potions
 b - a potion of ambrosia
 h - a potion of cancellation
 j - 2 potions of curing
 n - a potion of haste {unknown}


   Skills:
 + Level 3.5 Fighting
 + Level 3.5 Dodging
 - Level 1.7 Stealth
 + Level 3.8 Unarmed Combat


You had 3 spell levels left.
You didn't know any spells.
Your spell library contained the following spells:

 Spells                   Type           Power      Damage    Failure   Level
 Summon Guardian Golem    Hex/Summ       0%         N/A       69%         3
 Iskenderun's Battlesphe  Conj           0%         2d6       100%        5
 Iron Shot                Conj/Erth      0%         9d1       100%        6
 Orb of Destruction       Conj           0%         9d5       100%        7
 Spellforged Servitor     Conj/Summ      0%         N/A       100%        7


Dungeon Overview and Level Annotations

Branches:
Dungeon (2/15)

Altars:

Annotations:
D:2 Crazy Yiuf


Innate Abilities, Weirdness & Mutations

You have large cloven feet.
You have a pair of horns on your head.


Message History

The kobold shouts!
You hit the kobold.
The kobold is severely wounded.
The kobold completely misses you.
You closely miss the kobold.
The kobold is severely wounded.
The kobold hits you but does no damage.
You barely miss the kobold. Your kick misses the kobold.
Your headbutt misses the kobold.
The kobold is severely wounded.
The kobold closely misses you.
You punch the kobold!
You kill the kobold!
No target in view!
You now have 152 gold pieces (gained 11).
You see here 3 javelins.
You open the door.
Crazy Yiuf shouts!
You barely miss Crazy Yiuf.
Crazy Yiuf hits you with a +3 quarterstaff of chaos.
You barely miss Crazy Yiuf. You kick Crazy Yiuf.
Your headbutt misses Crazy Yiuf.
Crazy Yiuf is lightly wounded.
Crazy Yiuf closely misses you.
You barely miss Crazy Yiuf. You headbutt Crazy Yiuf.
Crazy Yiuf is moderately wounded.
Crazy Yiuf hits you with a +3 quarterstaff of chaos!
Crazy Yiuf freezes you.
You hit Crazy Yiuf.
Crazy Yiuf is heavily wounded.
Crazy Yiuf hits you with a +3 quarterstaff of chaos!
* * * LOW HITPOINT WARNING * * *
You hit Crazy Yiuf. Your kick misses Crazy Yiuf.
Crazy Yiuf is heavily wounded.
Crazy Yiuf barely misses you.
You feel much better.
Crazy Yiuf hits you with a +3 quarterstaff of chaos!
It was a potion of curing.
You feel better.
Crazy Yiuf hits you with a +3 quarterstaff of chaos!
You die...

.....# #........##.#.# .....#
###########.#.# ## ###..#
#.#.# #. #..# ##### #...# #.
#..# #..)# #.### #. ###..#
#...# #.# #. .....# ... #.#
#. ....## #g# #.# #. #####
♣♣@♣ #.# #. ##### ♣.♣♣ #.# #.
##...# ♣♣.♣ #.# ####.
###..)## ♣.♣♣ #.# #..<.
#..[...# ♣♣.♣♣ #|# #.###
#####.#...## ♣...♣♣ ### ##.##
..........# ♣)..)♣
#######...## #####.##..#
#...)# #...##.....#
#.##..####....######.#.......


You could see Crazy Yiuf.

Vanquished Creatures
  Terence (D:2)
  3 gnolls (D:2)
  2 worms (D:2)
  A dart slug (D:1)
  2 bats
  6 endoplasms
  2 giant cockroaches (D:1)
  A goblin (D:1)
  A hobgoblin (D:2)
  2 jackals (D:1)
  2 quokkas
  A ball python (D:2)
  A frilled lizard (D:2)
  7 kobolds
  6 rats
38 creatures vanquished.

Notes
Turn   | Place    | Note
-------+----------+-------------------------------------------
     0 | D:1      | Araneus the Demonspawn Monk began the quest for the Orb.
     0 | D:1      | Reached XP level 1. HP: 18/18 MP: 1/1
   284 | D:1      | Discovered your monstrous ancestry.
   284 | D:1      | Gained mutation: You have large cloven feet. [demonic
                  | ancestry]
   284 | D:1      | Reached XP level 2. HP: 23/24 MP: 2/2
  1114 | D:2      | Gained mutation: You have a pair of small horns on your
                  | head. [demonic ancestry]
  1114 | D:2      | Reached XP level 3. HP: 11/29 MP: 0/3
  1671 | D:2      | Found a runed translucent door.
  1672 | D:2      | Noticed Crazy Yiuf
  1735 | D:2      | Noticed Terence
  1749 | D:2      | Killed Terence
  1750 | D:2      | Gained mutation: You have a pair of horns on your head.
                  | [demonic ancestry]
  1750 | D:2      | Reached XP level 4. HP: 26/35 MP: 4/4
  2394 | D:2      | Slain by Crazy Yiuf

Illustrated notes

Levels and vault maps discovered:
D:1:      tarquinn_simple_flora_water_e, layout_loops_ring, minmay_tromino_v4_b
D:2:      layout_loops_ring, uniq_crazy_yiuf_cottage, uniq_terence

Skill      XL: |  1  2 |
---------------+-------+-----
Dodging        | 3 |  3.5
Unarmed Combat | 3 |  3.8
Fighting       | |  3.5
Stealth        | |  1.7

Action                   |  1- 3 |  4- 6 || total
-------------------------+-------+-------++-------
Melee: Unarmed           |    97 |    26 ||   123
       Kick              |    19 |     8 ||    27
       Punch             |     3 |       ||     3
       Headbutt          |     6 |     3 ||     9
  Use: Scroll            |     5 |       ||     5
       Potion            |     2 |     2 ||     4
 Stab: Sleeping          |     7 |     1 ||     8
Armor: Robe              |    19 |     2 ||    21
Dodge: Dodged            |    52 |     9 ||    61

Table legend: (Time is in decaauts)
 A = Elapsed time spent in this place.
 B = Non-inter-level travel time spent in this place.
 C = Inter-level travel time spent in this place.
 D = Time resting spent in this place.
 E = Time spent auto-exploring this place.
 F = Levels seen in this place.
 G = Mean time per level.
                   A        B        C        D        E       F      G
               +--------+--------+--------+--------+--------+-----+--------+
         Total |   2385 |   2374 |     11 |      0 |   2058 |   2 | 1192.5 |
       Dungeon |   2385 |   2374 |     11 |      0 |   2058 |   2 | 1192.5 |
               +--------+--------+--------+--------+--------+-----+--------+

Top non-repeatable levels by time:
     D:2: 1320 daAuts
     D:1: 1065 daAuts
